[Event "December 12 Late 2023"]
[Site "https://www.chess.com"]
[Date "2023.12.12"]
[Round "8"]
[White "Thomforde-Toates, Noah"]
[Black "Osmak, Yuliia"]
[Result "0-1"]
[Board "42"]
[TimeControl "180+1"]
[WhiteFideId "30951992"]
[BlackFideId "14101602"]
[WhiteElo "2685"]
[BlackElo "2542"]
[WhiteTeam "USA"]
[BlackTeam "UKR"]
[WhiteClock "0:00:17"]
[BlackClock "0:00:26"]

1. d4 Nf6 2. Nc3 d5 3. Bf4 c5 4. e4 Nxe4 5. Nxe4 dxe4 6. dxc5 Qa5+ 7. c3 Qxc5 8. Qa4+ Nc6 9. Qxe4 Bf5 10. Qa4 e5 11. Be3 Qd6 12. Rd1 Qc7 13. Nf3 Be7 14. Bc4 O-O 15. O-O a6 16. Bd5 b5 17. Qb3 Na5 18. Bxf7+ Rxf7 19. Qd5 Rd8 20. Qxe5 Bd6 21. Qd4 Bxh2+ 22. Nxh2 Rxd4 23. Rxd4 Nc6 24. Rd2 Rd7 25. Rfd1 Rxd2 26. Rxd2 h6 27. Nf3 Ne5 28. Nxe5 Qxe5 29. Rd4 Qe6 30. b3 Bb1 31. Rd2 Be4 32. Rd4 Qg6 33. g3 Qg4 34. Kf1 Qf3 35. Ke1 Qh1+ 36. Kd2 Qb1 37. c4 Qxa2+ 38. Kc3 Bc2 39. cxb5 Qxb3+ 40. Kd2 axb5 41. Rd7 Bf5 42. Rc7 Qd5+ 43. Kc1 b4 44. Rc5 Qd3 45. Rc7 b3 46. Rc5 Qb1+ 47. Kd2 b2 48. Rb5 Qd3+ 0-1

[Event "December 12 Late 2023"]
[Site "https://www.chess.com"]
[Date "2023.12.12"]
[Round "8"]
[White "Ferreira, Vitor Hugo Vieira"]
[Black "Nagare Kaivalya Sandip"]
[Result "0-1"]
[Board "43"]
[TimeControl "180+1"]
[WhiteFideId "2119765"]
[BlackFideId "25957929"]
[WhiteElo "2540"]
[BlackElo "2673"]
[WhiteTeam "BRA"]
[BlackTeam "IND"]
[WhiteClock "0:00:00"]
[BlackClock "0:00:11"]

1. c4 Nf6 2. g3 g6 3. Bg2 Bg7 4. Nc3 O-O 5. d4 d6 6. h3 c5 7. Nf3 Nc6 8. Be3 Qa5 9. O-O cxd4 10. Nxd4 Qh5 11. Nxc6 bxc6 12. g4 Bxg4 13. hxg4 Nxg4 14. Bf4 Be5 15. Qd2 Rab8 16. Rab1 f5 17. f3 Bxf4 18. Qxf4 Ne5 19. b3 g5 20. Qh2 Qg6 21. e3 f4 22. exf4 Rxf4 23. Ne2 Rf6 24. f4 gxf4 25. Nxf4 Qg5 26. Nh3 Qe3+ 27. Kh1 Rbf8 28. Rxf6 Rxf6 29. Rg1 Ng4 30. Bxc6 Rf1 31. Qg2 Rxg1+ 32. Nxg1 h5 33. Bf3 Qf4 34. Bxg4 hxg4 35. Ne2 Qh6+ 36. Kg1 Qg5 37. Qg3 e5 38. Kf2 Kg7 39. Qe3 Qf5+ 40. Kg2 Kg6 41. Ng3 Qc2+ 42. Qe2 Qxe2+ 43. Nxe2 Kf5 44. Kg3 Ke4 45. Nc3+ Kd3 46. Nb5 e4 47. Kf2 e3+ 48. Ke1 g3 49. Kf1 e2+ 50. Kg2 e1=Q 0-1

[Event "December 12 Late 2023"]
[Site "https://www.chess.com"]
[Date "2023.12.12"]
[Round "8"]
[White "Grutter, Tim"]
[Black "Karacsonyi, Gellert"]
[Result "0-1"]
[Board "44"]
[TimeControl "180+1"]
[WhiteFideId "1057472"]
[BlackFideId "764620"]
[WhiteElo "2538"]
[BlackElo "2662"]
[WhiteTeam "NED"]
[BlackTeam "HUN"]
[WhiteClock "0:00:00"]
[BlackClock "0:00:06"]

1. e4 c5 2. Nc3 Nc6 3. Nge2 g6 4. g3 Bg7 5. Bg2 d6 6. O-O e5 7. d3 Nge7 8. Be3 O-O 9. Qd2 f5 10. Bh6 Nd4 11. Bxg7 Nxe2+ 12. Nxe2 Kxg7 13. f4 Rb8 14. Qc3 Nc6 15. fxe5 Nxe5 16. Nf4 Bd7 17. Rae1 b5 18. a3 b4 19. axb4 cxb4 20. Qd4 Qb6 21. Qxb6 Rxb6 22. Ra1 fxe4 23. Bxe4 Kh6 24. Rxa7 Bc6 25. Ne2 Rxf1+ 26. Kxf1 Bxe4 27. dxe4 Rc6 28. c3 Rc4 29. Ra4 Nd3 30. cxb4 Rxe4 31. Ra6 Rxb4 32. Rxd6 Nxb2 33. Nf4 Nc4 34. Kg2 Ne3+ 35. Kh3 Rb2 36. Re6 Nf1 37. Re2 Rxe2 38. Nxe2 Ne3 39. Kh4 Nf5+ 40. Kg4 Ne3+ 41. Kf3 Nc4 42. Kf4 Nb6 43. Nd4 Nd5+ 44. Ke4 Ne7 45. Nf3 Kg7 46. Ne5 Kf6 47. Nf3 Nf5 48. Kf4 Nd6 49. g4 Nf7 50. h4 Kg7 51. g5 Nd8 52. Ke5 Nf7+ 53. Ke6 Nd8+ 54. Kd6 Nb7+ 55. Kd5 Na5 56. Nd4 Nb7 57. Ne6+ Kf7 58. Nf4 Nd8 59. Ke5 Nc6+ 60. Ke4 Nb4 61. Nd5 Na2 62. Ne3 Nc3+ 63. Kf4 Ne2+ 64. Ke5 Ng1 65. Ke4 Ke6 66. Ng4 Ne2 67. Nf6 h5 68. Nd5 Ng3+ 69. Kf3 Kxd5 70. Kxg3 Ke4 71. Kg2 Kf4 72. Kh3 Kf3 0-1

[Event "December 12 Late 2023"]
[Site "https://www.chess.com"]
[Date "2023.12.12"]
[Round "8"]
[White "Rama, Tejas"]
[Black "Goryachkina, Aleksandra"]
[Result "0-1"]
[Board "45"]
[TimeControl "180+1"]
[WhiteFideId "30907381"]
[BlackFideId "4147103"]
[WhiteElo "2534"]
[BlackElo "2660"]
[WhiteTeam "USA"]
[BlackTeam "FID"]
[WhiteClock "0:00:09"]
[BlackClock "0:00:06"]

1. d4 Nf6 2. c4 e6 3. Nf3 d5 4. Nc3 Nbd7 5. Bf4 dxc4 6. e3 b5 7. Nxb5 Bb4+ 8. Nc3 Nd5 9. a3 Bxc3+ 10. bxc3 Nxf4 11. exf4 O-O 12. Bxc4 Bb7 13. O-O c5 14. Ne5 Nxe5 15. dxe5 Qh4 16. Qc1 Rad8 17. Qe3 h5 18. Qg3 Qe7 19. Qh3 h4 20. Qe3 Ba8 21. Be2 c4 22. Rfb1 Rd7 23. Bxc4 Rfd8 24. Be2 Rd2 25. Rb8 Rxb8 26. Qxd2 h3 27. Qd6 Qe8 28. gxh3 Rd8 29. Qc5 Rc8 30. Qd6 Qa4 31. Qd2 Qc6 32. f3 Qb6+ 33. Kg2 Rd8 34. Qc1 Qc5 35. Rb1 Bc6 36. c4 Qa5 37. Qe3 Qa4 38. Rb4 Qc2 39. Rb3 Rd2 40. Rb8+ Kh7 41. Kf2 Rd7 42. Ke1 Ba4 43. Kf2 Rd2 44. Qe4+ Qxe4 45. fxe4 Bd1 46. Rb7 Rxe2+ 47. Kg3 Rxe4 48. Rxf7 Rxc4 49. Rxa7 Bc2 50. Ra6 Bf5 51. a4 Rc3+ 52. Kf2 Rxh3 53. Kg2 Ra3 54. a5 Be4+ 55. Kf2 Bd5 56. Ra8 Bxa8 57. a6 Bd5 0-1

[Event "December 12 Late 2023"]
[Site "https://www.chess.com"]
[Date "2023.12.12"]
[Round "8"]
[White "Piesik, Piotr"]
[Black "Morris-Suzuki, Alan H"]
[Result "1/2-1/2"]
[Board "46"]
[TimeControl "180+1"]
[WhiteFideId "1136194"]
[BlackFideId "30933218"]
[WhiteElo "2657"]
[BlackElo "2531"]
[WhiteTeam "CZE"]
[BlackTeam "USA"]
[WhiteClock "0:00:16"]
[BlackClock "0:00:06"]

1. Nf3 Nf6 2. g3 g6 3. Bg2 Bg7 4. O-O O-O 5. d4 d6 6. Nbd2 Nc6 7. e4 e5 8. dxe5 Nxe5 9. Nxe5 dxe5 10. Qe2 Qe7 11. b3 Rd8 12. Bb2 Bd7 13. Rfd1 Bc6 14. a4 h5 15. Nc4 Ne8 16. Na5 Qe6 17. f3 h4 18. Bf1 hxg3 19. hxg3 Bh6 20. Kg2 Bd7 21. Nxb7 Qh3+ 22. Kf2 Qh2+ 23. Bg2 Bh3 24. Qf1 Rdb8 25. Na5 Be6 26. Qh1 Be3+ 27. Kxe3 Qxg3 28. Nc6 Nf6 29. Nxe5 Rb4 30. Rd4 Rxd4 31. Bxd4 c5 32. Bc3 Rd8 33. Ke2 Nxe4 34. fxe4 Qxc3 35. Nf3 Qxc2+ 36. Kf1 Bxb3 37. Kg1 Qxe4 38. Re1 Qg4 39. Qh3 Qxh3 40. Bxh3 Bxa4 41. Re7 Bb3 42. Rxa7 Rd3 43. Kf2 Bd5 44. Bg2 c4 45. Rc7 c3 46. Rc5 Bxf3 47. Bxf3 Kg7 48. Be4 Rd4 49. Ke3 Rd7 50. Rxc3 Re7 51. Kf4 f5 52. Bd5 Re1 53. Rc7+ Kh6 54. Bg8 Re4+ 55. Kf3 Kg5 56. Rc6 Rf4+ 57. Ke3 Re4+ 58. Kd3 Rh4 59. Bf7 Rh6 60. Ke3 Rh3+ 61. Kf2 Rh6 62. Kg2 Kh5 63. Rf6 Kg5 64. Rd6 Kh5 65. Kg3 Kg5 66. Rd5 Kf6 67. Be8 Kg5 68. Bd7 Rh4 69. Be8 Rg4+ 70. Kf3 Rf4+ 71. Kg2 Rg4+ 72. Kh3 Rh4+ 73. Kg3 Rg4+ 74. Kf3 Rf4+ 75. Kg3 Rg4+ 1/2-1/2

[Event "December 12 Late 2023"]
[Site "https://www.chess.com"]
[Date "2023.12.12"]
[Round "8"]
[White "YurasovMat-2012"]
[Black "Solon, Nathan"]
[Result "0-1"]
[Board "47"]
[TimeControl "180+1"]
[BlackFideId "2017229"]
[WhiteElo "2528"]
[BlackElo "2657"]
[BlackTeam "USA"]
[WhiteClock "0:00:00"]
[BlackClock "0:00:07"]

1. e4 c5 2. Nf3 Nf6 3. Nc3 d5 4. e5 Nfd7 5. Nxd5 Nxe5 6. Nxe5 Qxd5 7. f4 e6 8. Bc4 Qxg2 9. Qf3 Qxf3 10. Nxf3 Nc6 11. d3 b6 12. Be3 Bb7 13. O-O g6 14. Rae1 Bg7 15. c3 O-O 16. a4 Rad8 17. Rd1 Na5 18. Ba2 Bd5 19. Bb1 Bb3 20. Rde1 Bxa4 21. h4 Bb5 22. Rd1 h5 23. Kh2 Nb7 24. Rg1 Nd6 25. d4 cxd4 26. Nxd4 Ba4 27. Rde1 Nc4 28. Bf2 Nxb2 29. f5 exf5 30. Bxf5 Rfe8 31. Bb1 Nc4 32. Ba2 Rxe1 33. Rxe1 Ne5 34. Kg2 Rc8 35. Bg3 Nc6 36. Nf3 Bf6 37. Ng5 Bxg5 38. hxg5 Bc2 39. Bd5 Ba4 40. c4 Kg7 41. Ra1 Bb3 42. Re1 Na5 43. Re7 Bxc4 44. Rxf7+ Kg8 45. Bxc4 Nxc4 46. Rxa7 Rc5 47. Bf4 b5 48. Rb7 Rf5 49. Kf3 Ne5+ 50. Ke4 Nf7 51. Rb8+ Kg7 52. Rb7 h4 53. Be3 h3 54. Bd4+ Kh7 55. Bg1 Kg7 56. Bd4+ Kf8 57. Rb8+ Ke7 58. Bf6+ Kd6 59. Rb6+ Kc5 60. Bd4+ Kc4 61. Rc6+ Kb3 62. Rc3+ Ka4 0-1

[Event "December 12 Late 2023"]
[Site "https://www.chess.com"]
[Date "2023.12.12"]
[Round "8"]
[White "Kopczynski, Michal"]
[Black "Gubajdullin, Alexei"]
[Result "0-1"]
[Board "48"]
[TimeControl "180+1"]
[WhiteFideId "1124200"]
[BlackFideId "4141202"]
[WhiteElo "2525"]
[BlackElo "2634"]
[WhiteTeam "POL"]
[BlackTeam "RUS"]
[WhiteClock "0:00:00"]
[BlackClock "0:00:57"]

1. e4 e5 2. Nf3 Nf6 3. Nxe5 d6 4. Nf3 Nxe4 5. d4 d5 6. Bd3 Nc6 7. h3 Be7 8. O-O Nb4 9. Bxe4 dxe4 10. Ne5 O-O 11. c3 Nc6 12. Nxc6 bxc6 13. Bf4 c5 14. dxc5 Ba6 15. Qxd8 Rfxd8 16. Re1 Bxc5 17. Bxc7 Rd7 18. Bf4 Rad8 19. Na3 Bxa3 20. bxa3 Bd3 21. Rad1 f5 22. g4 g6 23. gxf5 gxf5 24. Kh2 Kf7 25. Rg1 Rg8 26. Rxg8 Kxg8 27. Rg1+ Kf8 28. Rg5 Rd5 29. Be3 a5 30. Kg3 Kf7 31. Kf4 Ke6 32. Rh5 Rb5 33. Rh6+ Kf7 34. Rxh7+ Kg6 35. Ra7 Bc2 36. Ra6+ Kf7 37. c4 Rb2 38. Rxa5 Rxa2 39. Kxf5 Ra1 40. Ra7+ Ke8 41. h4 Rh1 42. Bg5 e3+ 43. Ke6 Bf5+ 44. Kxf5 exf2 45. Re7+ Kf8 46. Re4 f1=Q+ 47. Rf4 Qd3+ 48. Ke6+ Kg8 49. Kf6 Re1 0-1

[Event "December 12 Late 2023"]
[Site "https://www.chess.com"]
[Date "2023.12.12"]
[Round "8"]
[White "Omelja, Artem"]
[Black "Shapiro, Viktor"]
[Result "1-0"]
[Board "49"]
[TimeControl "180+1"]
[WhiteFideId "14119846"]
[BlackFideId "4175700"]
[WhiteElo "2624"]
[BlackElo "2524"]
[WhiteTeam "UKR"]
[BlackTeam "RUS"]
[WhiteClock "0:01:28"]
[BlackClock "0:00:14"]

1. d4 Nf6 2. c4 c5 3. e3 g6 4. Nf3 Bg7 5. Nc3 O-O 6. Be2 Nc6 7. O-O d6 8. b3 Bd7 9. Bb2 cxd4 10. Nxd4 a6 11. Rc1 Rc8 12. Bf3 Qa5 13. a3 Rfd8 14. Qe2 e6 15. Rfd1 Nxd4 16. Rxd4 Bc6 17. Rcd1 Qc7 18. R4d2 Ne8 19. Ba1 Qb8 20. Bg4 f5 21. Bf3 Bxf3 22. Qxf3 b5 23. Qg3 bxc4 24. bxc4 Rxc4 25. Ne2 Bxa1 26. Rxa1 e5 27. h4 Rg4 28. Qh3 Nf6 29. Rad1 d5 30. Ng3 h5 31. Ne2 Rc4 32. Qg3 Kf7 33. Qf3 Ne4 34. Rxd5 Rxd5 35. Rxd5 Qc7 36. Rd1 Nf6 37. Qa8 Rxh4 38. Rd8 Rc4 39. Rh8 Kg7 40. Qf8# 1-0

[Event "December 12 Late 2023"]
[Site "https://www.chess.com"]
[Date "2023.12.12"]
[Round "8"]
[White "Ambartsumova, Karina"]
[Black "Karas, Marek"]
[Result "1/2-1/2"]
[Board "50"]
[TimeControl "180+1"]
[WhiteFideId "4166299"]
[BlackFideId "14928558"]
[WhiteElo "2622"]
[BlackElo "2523"]
[WhiteTeam "RUS"]
[BlackTeam "CZE"]
[WhiteClock "0:00:13"]
[BlackClock "0:00:08"]

1. d4 g6 2. c4 Bg7 3. Nc3 d6 4. g3 Nf6 5. Bg2 O-O 6. Nf3 c6 7. e4 Bg4 8. h3 Bxf3 9. Bxf3 e5 10. Be3 Nbd7 11. O-O exd4 12. Bxd4 Ne5 13. Be2 Re8 14. f4 Ned7 15. Bf3 Nc5 16. e5 Nfd7 17. exd6 Qb6 18. Bxg7 Kxg7 19. Qd4+ f6 20. b3 Nd3 21. Qxb6 axb6 22. Rad1 Nb4 23. Rd2 Re3 24. Nd1 Rd3 25. Rxd3 Nxd3 26. Nc3 Nb4 27. Re1 Nc5 28. Re7+ Kh6 29. a4 Rd8 30. Ne4 Nxe4 31. Bxe4 Rxd6 32. Rxb7 c5 33. Kf2 f5 34. Bf3 Nc2 35. g4 fxg4 36. hxg4 g5 37. Be4 gxf4 38. Rxh7+ Kg5 39. Rg7+ Kh6 40. Rh7+ Kg5 41. Bxc2 Rd2+ 42. Kf3 Rxc2 43. Rh5+ Kg6 44. Kxf4 Rc3 45. Rd5 Rxb3 46. Rd6+ Kf7 47. Kf5 Rb4 48. g5 Rxc4 49. Rxb6 Rxa4 50. Rb7+ Ke8 51. g6 Ra1 52. Rc7 Kf8 53. Kf6 Rf1+ 54. Kg5 Kg8 55. Rc8+ Kg7 56. Rc7+ Kg8 57. Rxc5 Rg1+ 58. Kf6 Rf1+ 59. Rf5 Rxf5+ 60. Kxf5 Kg7 61. Kg5 Kg8 62. Kg4 Kg7 63. Kf5 Kg8 64. Kf6 Kf8 65. g7+ Kg8 66. Kg6 1/2-1/2

[Event "December 12 Late 2023"]
[Site "https://www.chess.com"]
[Date "2023.12.12"]
[Round "8"]
[White "Golubev, Mikhail"]
[Black "Lin, Bryan Enming"]
[Result "0-1"]
[Board "51"]
[TimeControl "180+1"]
[WhiteFideId "14100983"]
[BlackFideId "30987121"]
[WhiteElo "2620"]
[BlackElo "2520"]
[WhiteTeam "UKR"]
[BlackTeam "USA"]
[WhiteClock "0:00:00"]
[BlackClock "0:00:12"]

1. e4 e5 2. Nf3 Nc6 3. Bc4 Nf6 4. Ng5 d5 5. exd5 b5 6. Bf1 Nxd5 7. Bxb5 Bb7 8. Nf3 Qf6 9. d4 exd4 10. Qxd4 Qe6+ 11. Qe5 O-O-O 12. Qxe6+ fxe6 13. O-O Ndb4 14. Ba4 Bc5 15. Nc3 Nd4 16. Nxd4 Bxd4 17. Bg5 Rdf8 18. Be7 c5 19. Bxf8 Rxf8 20. Nd1 Nd5 21. c3 Be5 22. Ne3 Nf4 23. Bb5 h5 24. f3 Rf6 25. Rad1 Rg6 26. Rd2 Bc7 27. Bc4 Bc6 28. g3 Nh3+ 29. Kg2 Ng5 30. h4 Nxf3 31. Rxf3 Rxg3+ 32. Kf2 Rxf3+ 33. Ke2 Bf4 34. Bxe6+ Kb7 35. Rd3 Rg3 36. Nc4 Rg2+ 37. Kf1 Rh2 38. Bd5 Rxh4 39. Na5+ Kb6 40. Nxc6 g5 41. Ne7 Rh2 42. Ng6 Bc7 43. b4 cxb4 44. cxb4 Rb2 45. Rc3 Bh2 46. Rc6+ Kb5 47. a4+ Kxa4 48. Ra6+ Kxb4 49. Rxa7 Kc5 50. Ne7 Bb8 51. Rd7 Bd6 52. Nf5 Kxd5 0-1

[Event "December 12 Late 2023"]
[Site "https://www.chess.com"]
[Date "2023.12.12"]
[Round "8"]
[White "Makaraci, Tunahan"]
[Black "Olsen, Filip Boe"]
[Result "0-1"]
[Board "52"]
[TimeControl "180+1"]
[WhiteFideId "6356559"]
[BlackFideId "1440640"]
[WhiteElo "2515"]
[BlackElo "2614"]
[WhiteTeam "TUR"]
[BlackTeam "DEN"]
[WhiteClock "0:00:07"]
[BlackClock "0:01:21"]

1. e4 c6 2. c4 e5 3. Nf3 d6 4. d4 exd4 5. Qxd4 Nf6 6. Nc3 g6 7. Bg5 Bg7 8. O-O-O O-O 9. Qxd6 Qxd6 10. Rxd6 Ng4 11. Rd2 Na6 12. h3 Nf6 13. e5 Nd7 14. Be7 Re8 15. Bd6 Bh6 16. Bd3 Bxd2+ 17. Kxd2 Ndc5 18. g4 Nxd3 19. Kxd3 h5 20. Ne4 Kg7 21. gxh5 Bf5 22. hxg6 Rad8 23. Nd4 Rxd6 24. gxf7 Rxe5 25. f3 c5 26. Rg1+ Kxf7 0-1

[Event "December 12 Late 2023"]
[Site "https://www.chess.com"]
[Date "2023.12.12"]
[Round "8"]
[White "Mendez Fortes, Eduardo Jesus"]
[Black "Cervantes Landeiro, Thalia"]
[Result "0-1"]
[Board "53"]
[TimeControl "180+1"]
[WhiteFideId "3502376"]
[BlackFideId "3520498"]
[WhiteElo "2613"]
[BlackElo "2497"]
[WhiteTeam "CUB"]
[BlackTeam "USA"]
[WhiteClock "0:00:50"]
[BlackClock "0:00:15"]

1. e4 c5 2. Nf3 d6 3. d4 cxd4 4. Nxd4 Nf6 5. Nc3 a6 6. Bg5 Nbd7 7. Bc4 Qc7 8. Qe2 b5 9. Bb3 Bb7 10. O-O-O Nc5 11. Bd5 e6 12. Rhe1 Be7 13. Bxb7 Qxb7 14. Nf5 exf5 15. exf5 Kf8 16. Bxf6 Bxf6 17. Rxd6 Qc7 18. Rdd1 Bxc3 19. bxc3 g6 20. Qf3 Rc8 21. f6 Ne6 22. Kb1 h5 23. Rd3 Kg8 24. Red1 Nc5 25. Re3 Na4 26. Rdd3 b4 27. cxb4 Qxc2+ 0-1

[Event "December 12 Late 2023"]
[Site "https://www.chess.com"]
[Date "2023.12.12"]
[Round "8"]
[White "Bogaudinov, Rushan"]
[Black "Mirzoev, Azer"]
[Result "0-1"]
[Board "54"]
[TimeControl "180+1"]
[WhiteFideId "4129288"]
[BlackFideId "13400304"]
[WhiteElo "2477"]
[BlackElo "2613"]
[WhiteTeam "RUS"]
[BlackTeam "AZE"]
[WhiteClock "0:00:00"]
[BlackClock "0:01:05"]

1. d4 c6 2. e4 d5 3. e5 Bf5 4. c4 e6 5. Nc3 Nd7 6. a3 Ne7 7. c5 f6 8. f4 fxe5 9. fxe5 Ng6 10. Nf3 Be7 11. Bd3 O-O 12. Bxf5 Rxf5 13. O-O Qc7 14. Be3 Raf8 15. Qd2 Qd8 16. Ne2 R5f7 17. Ng5 Rxf1+ 18. Rxf1 Rxf1+ 19. Kxf1 Ndf8 20. Ng3 h6 21. Nf3 Qe8 22. b4 a6 23. Qd3 Qf7 24. Ke2 Nh4 25. Nxh4 Bxh4 26. Nf1 Qh5+ 27. Kd2 Ng6 28. a4 Bg5 29. b5 axb5 30. axb5 Bxe3+ 31. Qxe3 cxb5 32. h3 Qh4 33. Kc3 Ne7 34. Kb4 Nc6+ 35. Kxb5 Nxd4+ 36. Kb6 Nf5 37. Qb3 Qd4 38. g4 Ne7 39. Ne3 Nc6 40. Nc2 Qd2 41. Na3 Qa5+ 42. Kxb7 Qxc5 43. Qb5 Na5+ 44. Ka6 Qxa3 45. Qe8+ Kh7 46. Qxe6 Nc6+ 47. Kb6 Ne7 48. Kc7 d4 49. Kd7 Qa7+ 50. Ke8 Ng6 51. h4 Qb8+ 52. Kd7 Nf8+ 0-1

[Event "December 12 Late 2023"]
[Site "https://www.chess.com"]
[Date "2023.12.12"]
[Round "8"]
[White "Gutierrez Olivares, Daniel"]
[Black "Aghasiyev, Kamal"]
[Result "0-1"]
[Board "55"]
[TimeControl "180+1"]
[WhiteFideId "2264005"]
[BlackFideId "13402854"]
[WhiteElo "2476"]
[BlackElo "2589"]
[WhiteTeam "ESP"]
[BlackTeam "AZE"]
[WhiteClock "0:00:00"]
[BlackClock "0:00:44"]

1. c4 e5 2. Nc3 Nf6 3. e3 Nc6 4. g4 h6 5. Bg2 Bb4 6. h3 Bxc3 7. dxc3 e4 8. Qc2 d5 9. cxd5 Qxd5 10. Ne2 Ne5 11. Nf4 Qc6 12. O-O g5 13. Ne2 h5 14. Ng3 hxg4 15. Bxe4 Nf3+ 16. Kg2 gxh3+ 17. Kh1 Nxe4 18. Qxe4+ Qxe4 19. Nxe4 b6 20. Nf6+ Kf8 21. e4 Bb7 22. Be3 Kg7 23. Nd5 Rae8 24. Rg1 Nxg1 25. Rxg1 f6 26. Bd4 Bxd5 27. Rxg5+ Kf7 28. Rxd5 Rxe4 29. Rf5 h2 30. Rxf6+ Ke7 31. Rf7+ Kxf7 32. Bxh8 Re2 33. Kxh2 Rxf2+ 34. Kg3 Rxb2 0-1

[Event "December 12 Late 2023"]
[Site "https://www.chess.com"]
[Date "2023.12.12"]
[Round "8"]
[White "Ladan, Nicholas"]
[Black "Sivakumar, Shaaketh"]
[Result "0-1"]
[Board "56"]
[TimeControl "180+1"]
[WhiteFideId "30918855"]
[BlackFideId "30940176"]
[WhiteElo "2474"]
[BlackElo "2587"]
[WhiteTeam "USA"]
[BlackTeam "USA"]
[WhiteClock "0:00:01"]
[BlackClock "0:01:54"]

1. d4 e6 2. Nf3 f5 3. g4 fxg4 4. Ne5 Nf6 5. h3 gxh3 6. Bxh3 d6 7. Nd3 Nc6 8. c3 e5 9. dxe5 dxe5 10. Bg5 Bxh3 11. Rxh3 Qd7 12. Re3 O-O-O 13. Nd2 h6 14. Bh4 Bd6 15. Nc4 Qg4 16. Nxd6+ cxd6 17. Bxf6 gxf6 18. Kd2 h5 19. Qh1 h4 20. a4 h3 21. a5 a6 22. Rg3 Qh4 23. Rag1 e4 24. Rg4 Qh6+ 25. Nf4 Nxa5 26. e3 Nc4+ 27. Kc2 f5 28. Rg7 Qh4 29. Qh2 Ne5 30. R1g3 Qf6 31. R7g5 Nf3 32. Qh1 Nxg5 33. Nxh3 0-1

[Event "December 12 Late 2023"]
[Site "https://www.chess.com"]
[Date "2023.12.12"]
[Round "8"]
[White "Przybylski, Wojciech"]
[Black "Dubessay, Bastien"]
[Result "0-1"]
[Board "57"]
[TimeControl "180+1"]
[WhiteFideId "1117599"]
[BlackFideId "650048"]
[WhiteElo "2580"]
[BlackElo "2444"]
[WhiteTeam "POL"]
[BlackTeam "FRA"]
[WhiteClock "0:00:00"]
[BlackClock "0:00:15"]

1. e4 e6 2. d4 d5 3. exd5 exd5 4. Bd3 Nf6 5. h3 c5 6. c3 Nc6 7. Nf3 Be7 8. O-O O-O 9. Re1 h6 10. Nbd2 cxd4 11. cxd4 b6 12. Nf1 a5 13. Ng3 Bd6 14. Nf5 Ne4 15. Nxd6 Qxd6 16. a3 Bf5 17. Be3 Rfe8 18. Rc1 Rac8 19. Bb5 Red8 20. Qa4 Ne7 21. Ne5 f6 22. Nd3 Ng6 23. Qb3 Kh7 24. Ba6 Rxc1 25. Rxc1 Nh4 26. Bf4 Qe7 27. Rc7 Rd7 28. Rxd7 Qxd7 29. Qxb6 Bxh3 30. f3 Bxg2 31. fxe4 Qh3 32. Ne1 Bxe4 33. Qc7 Nf3+ 34. Kf2 Nxe1 35. Kxe1 Qh1+ 36. Kd2 Qg2+ 37. Be2 Bf3 38. Qe7 Be4 39. Qe6 Qf2 40. Bc7 Qxd4+ 41. Ke1 Qg1+ 42. Bf1 Qe3+ 43. Be2 Qc1+ 44. Kf2 Qxb2 45. Qg4 Qd4+ 46. Ke1 Qc3+ 47. Kf2 Qxc7 48. Qh3 Qc5+ 49. Ke1 Qc1+ 50. Kf2 Qf4+ 51. Ke1 d4 0-1

[Event "December 12 Late 2023"]
[Site "https://www.chess.com"]
[Date "2023.12.12"]
[Round "8"]
[White "Perea Fruet, Lorenzo"]
[Black "Avila Rodriguez, Joshua Ad"]
[Result "1-0"]
[Board "58"]
[TimeControl "180+1"]
[WhiteFideId "24595870"]
[BlackFideId "5126444"]
[WhiteElo "2579"]
[BlackElo "2440"]
[WhiteTeam "ESP"]
[BlackTeam "MEX"]
[WhiteClock "0:00:29"]
[BlackClock "0:00:14"]

1. f4 d5 2. Nf3 Nf6 3. g3 g6 4. Bg2 Bg7 5. O-O O-O 6. d3 c5 7. Nbd2 Nc6 8. e4 dxe4 9. dxe4 e5 10. h3 Re8 11. Qe1 Qc7 12. f5 b6 13. c3 Ba6 14. Rf2 gxf5 15. Nh4 Ne7 16. exf5 Rad8 17. Ne4 Rd3 18. Bg5 Nxe4 19. Qxe4 Rxg3 20. Be3 Bf6 21. Kh2 Bb7 22. Qa4 Rd8 23. Kxg3 Rd3 24. Re1 e4+ 25. Kg4 h5+ 26. Kxh5 Qg3 27. Qe8+ Kg7 28. Bh6+ Kh7 29. Qxf7+ Bg7 30. Qxg7+ Qxg7 31. Bxg7 Kxg7 32. f6+ Kf7 33. fxe7+ Kxe7 34. Bxe4 1-0

[Event "December 12 Late 2023"]
[Site "https://www.chess.com"]
[Date "2023.12.12"]
[Round "8"]
[White "Assylov, Miras"]
[Black "Adamczyk, Zuzanna"]
[Result "1-0"]
[Board "59"]
[TimeControl "180+1"]
[WhiteFideId "13728873"]
[BlackFideId "1187570"]
[WhiteElo "2576"]
[BlackElo "2407"]
[WhiteTeam "KAZ"]
[BlackTeam "POL"]
[WhiteClock "0:00:19"]
[BlackClock "0:00:00"]

1. a4 e5 2. Na3 d5 3. d4 e4 4. Bf4 c6 5. e3 Bd6 6. Ne2 Ne7 7. c3 Bg4 8. Bxd6 Qxd6 9. Nc2 Nd7 10. b3 O-O 11. a5 f5 12. Qd2 Bxe2 13. Bxe2 f4 14. exf4 Rxf4 15. Ne3 Raf8 16. O-O Ng6 17. c4 Rh4 18. g3 Rh6 19. cxd5 cxd5 20. Nxd5 Kh8 21. Ne3 Nde5 22. Rfd1 Nf3+ 23. Bxf3 exf3 24. Rac1 Qd7 25. h4 Qh3 26. Qb4 Re8 27. Qd6 Rxh4 28. gxh4 Nxh4 29. Qg3 1-0

[Event "December 12 Late 2023"]
[Site "https://www.chess.com"]
[Date "2023.12.12"]
[Round "8"]
[White "Espinoza Villanueva, Rodrigo"]
[Black "Flash_BJ"]
[Result "1-0"]
[Board "60"]
[TimeControl "180+1"]
[WhiteFideId "5140188"]
[WhiteElo "2574"]
[BlackElo "2241"]
[WhiteTeam "MEX"]
[WhiteClock "0:01:29"]
[BlackClock "0:00:00"]

1. e4 c5 2. Nf3 e6 3. d3 a6 4. Nbd2 b5 5. g3 Bb7 6. Bg2 Qc7 7. O-O d6 8. Re1 Nd7 9. c3 Ngf6 10. d4 e5 11. d5 c4 12. b3 cxb3 13. Nxb3 Qxc3 14. Bd2 Qc8 15. Rc1 Qb8 16. Bb4 Nb6 17. Na5 Be7 18. Qb3 O-O 19. Nd2 Rc8 20. Qe3 Nfd7 21. h4 Na4 22. Bh3 Rxc1 23. Rxc1 Ndc5 24. Ndb3 Bc8 25. Nc6 Qb7 26. Bf1 Bf8 27. h5 Bd7 28. Nxe5 Nxb3 29. axb3 dxe5 30. Bxf8 Rxf8 31. bxa4 bxa4 32. Qa3 Bb5 33. Qd6 Qb8 34. Qc5 h6 35. d6 Rd8 36. Qc7 Qxc7 37. dxc7 Rc8 38. Bh3 1-0

[Event "December 12 Late 2023"]
[Site "https://www.chess.com"]
[Date "2023.12.12"]
[Round "8"]
[White "Rian, Kapriaga"]
[Black "Karttunen, Mika"]
[Result "1/2-1/2"]
[Board "61"]
[TimeControl "180+1"]
[WhiteFideId "7103263"]
[BlackFideId "502081"]
[WhiteElo "2388"]
[BlackElo "2639"]
[WhiteTeam "INA"]
[BlackTeam "FIN"]
[WhiteClock "0:00:03"]
[BlackClock "0:00:04"]

1. d4 d5 2. Nf3 Nf6 3. c4 e6 4. Nc3 Bb4 5. Bg5 h6 6. Bxf6 Qxf6 7. e3 O-O 8. Rc1 c5 9. a3 cxd4 10. Qxd4 Bxc3+ 11. Rxc3 Qe7 12. cxd5 exd5 13. Bb5 Be6 14. O-O a6 15. Ba4 Nd7 16. Rfc1 b5 17. Bb3 Nf6 18. Rc7 Qd8 19. h3 Re8 20. Qf4 Re7 21. Nd4 Ne4 22. Rxe7 Qxe7 23. Rc7 Qg5 24. Qxg5 hxg5 25. f3 Nd2 26. Ba2 Kf8 27. Kf2 Nc4 28. Bxc4 bxc4 29. b4 cxb3 30. Nxb3 Rb8 31. Nc5 Rb2+ 32. Kg3 Ra2 33. a4 Ra3 34. Ra7 Rxe3 35. Rxa6 d4 36. Rd6 Re5 37. Nxe6+ fxe6 38. Rxd4 Ke7 39. Rb4 Ra5 40. Kg4 Kf6 41. Rc4 Ra6 42. Kg3 Ra5 43. Kf2 Ke5 44. Ke3 Kd5 45. Re4 Ra8 46. Kd3 Rb8 47. Rg4 Rb3+ 48. Kc2 Ra3 49. Rxg5+ Kd4 50. Rg4+ Ke3 51. Rxg7 Rxa4 52. Rg4 Ra2+ 53. Kc3 Ra6 54. h4 Rc6+ 55. Kb4 Rc8 56. Re4+ Kf2 57. Rg4 e5 58. Kb5 Rc1 59. Kb4 Rc8 60. Kb3 Rc7 61. Kb2 Rc8 62. Kb3 Rc7 63. Kb4 Rc8 1/2-1/2